 Dungeon Crawl Stone Soup version 0.29-a0-275-g389c0b56f3 (webtiles) character file.

Game seed: 11679763365267496947

61646 epen the Frost Mage (level 15, -2/140 HPs)
             Began as a Naga Ice Elementalist on Mar 11, 2022.
             Was a High Priest of Cheibriados.
             Slain by a two-headed ogre
             ... wielding a +0 giant club
              (13 damage)
             ... on level 2 of the Orcish Mines.
             The game lasted 00:37:15 (24594 turns).

epen the Frost Mage (Naga Ice Elementalist)        Turns: 24594, Time: 00:37:16

Health: -2/140     AC: 18    Str: 25    XL:     15   Next: 3%
Magic:  29/29      EV: 16    Int: 36    God:    Cheibriados [*****.]
Gold:   1542       SH:  0    Dex: 26    Spells: 15/34 levels left

rFire   + . .      SeeInvis +   S - +10 trident of Classification {elec, SInv}
rCold   + + .      Faith    .   (no shield)
rNeg    + . .      Spirit   .   t - +2 robe {rC+}
rPois   +          Reflect  .   U - +2 helmet of the End {rN+}
rElec   .          Harm     .   x - scarf {rC+ rF+}
rCorr   .          Rampage  .   E - +2 pair of gloves
Will    +....                   w - +0 barding
Stlth   +++.......              (no amulet)
HPRegen 0.33/turn               (no ring)
MPRegen 0.21/turn               (no ring)

@: very slow
A: AC +5, large, see invisible, deformed body, poison resistance, slowness 2,
spit poison 1, naga tail 2
a: Spit Poison, Renounce Religion, Bend Time, Temporal Distortion, Slouch, Step
From Time


You were on level 2 of the Orcish Mines.
You worshipped Cheibriados.
Cheibriados was extremely pleased with you.
You visited 4 branches of the dungeon, and saw 21 of its levels.
You also visited: Sewer.

You collected 1542 gold pieces.

Inventory:

Hand Weapons
 e - a +0 dagger
 j - a +1 trident
 C - a +1 vorpal spear
 J - a +8 scimitar of protection
 S - the +10 trident of Classification (weapon) {elec, SInv}
   (You took it off a spriggan rider on level 5 of the Lair of Beasts)

   It occasionally discharges a powerful burst of electricity upon striking a
   foe.
   SInv:      It lets you see invisible.
Missiles
 y - 10 javelins
 O - a throwing net
Armour
 a - a +1 robe
 t - a +2 robe of cold resistance (worn)
 w - a +0 barding (worn)
 x - a scarf of resistance (worn)
 A - a +0 troll leather armour
 E - a +2 pair of gloves (worn)
 F - a +0 helmet
 U - the +2 helmet of the End (worn) {rN+}
   (You acquired it on level 5 of the Lair of Beasts)

   rN:        It protects you from negative energy.
Jewellery
 d - a ring of ice
 r - an amulet of faith
 u - a ring of ice
 R - a ring of protection from cold
 T - the ring "Xiasheja" {Ice rElec Dex+5}
   (You found it on level 5 of the Lair of Beasts)

   [ring of ice]

   It enhances your ice magic.
   Dex:       It affects your dexterity (+5).
   rF:        It makes you vulnerable to fire.
   rC:        It protects you from cold.
   rElec:     It insulates you from electricity.
Wands
 c - a wand of digging (6)
 n - a wand of acid (3)
 s - a wand of paralysis (14)
 v - a wand of polymorph (11)
 B - a wand of mindburst (16)
 G - a wand of charming (2)
 H - a wand of flame (19)
Scrolls
 l - 6 scrolls of teleportation
 m - a scroll of fear
 o - 5 scrolls of enchant weapon
 q - 3 scrolls of immolation
 z - 4 scrolls of identify
 L - 2 scrolls of enchant armour
 Q - 2 scrolls of summoning
 W - a scroll of blinking
 X - a scroll of brand weapon
 Y - a scroll of holy word {unknown}
Potions
 b - 5 potions of magic
 f - 5 potions of curing
 g - 3 potions of attraction
 h - 2 potions of invisibility
 i - 4 potions of heal wounds
 k - 6 potions of brilliance
 p - 3 potions of ambrosia
 D - 2 potions of mutation
 I - 2 potions of degeneration
 K - 2 potions of cancellation
 M - 2 potions of flight
 N - a potion of resistance
 P - 2 potions of berserk rage
 V - a potion of haste


   Skills:
 + Level 10.8 Fighting
 - Level 7.1 Long Blades
 + Level 5.0 Polearms
 + Level 9.4 Dodging
 - Level 3.3 Stealth
 + Level 10.2 Spellcasting
 * Level 12.6 Ice Magic
 + Level 12.5 Invocations


You had 15 spell levels left.
You knew the following spells:

 Your Spells              Type           Power      Damage    Failure   Level
a - Freeze                Ice            100%       1d11      0%          1
b - Frozen Ramparts       Ice            100%       1d12      1%          3
c - Ozocubu's Armour      Ice            83%        N/A       1%          3
d - Summon Ice Beast      Ice/Summ       59%        N/A       1%          4
e - Ice Form              Ice/Tmut       59%        N/A       1%          4
f - Summon Lightning Spi  Summ/Air       18%        N/A       22%         4

Your spell library contained the following spells:

 Spells                   Type           Power      Damage    Failure   Level
 Hailstorm                Conj/Ice       59%        3d13      1%          4
 Animate Skeleton         Necr           36%        N/A       2%          1
 Pain                     Necr           72%        1d7       2%          1
 Slow                     Hex            72%        N/A       2%          1
 Summon Small Mammal      Summ           72%        N/A       2%          1
 Call Canine Familiar     Summ           18%        N/A       7%          3
 Confusing Touch          Hex            18%        N/A       7%          3
 Dazzling Flash           Conj/Hex       36%        N/A       7%          3
 Summon Guardian Golem    Hex/Summ       18%        N/A       7%          3
 Tukima's Dance           Hex            18%        N/A       7%          3
 Vampiric Draining        Necr           18%        2d7       7%          3
 Anguish                  Hex/Necr       9%         N/A       22%         4
 Iskenderun's Mystic Bla  Conj/Tloc      18%        2d6       22%         4
 Agony                    Necr           18%        N/A       54%         5
 Excruciating Wounds      Necr           9%         N/A       54%         5
 Iskenderun's Battlesphe  Conj           18%        2d7       54%         5
 Iron Shot                Conj/Erth      9%         9d3       98%         6
 Starburst                Conj/Fire      9%         6d5       98%         6
 Enfeeble                 Hex            9%         N/A       100%        7
 Spellforged Servitor     Conj/Summ      9%         N/A       100%        7
 Storm Form               Tmut/Air       9%         N/A       100%        7
 Maxwell's Capacitive Co  Air            9%         ∞         100%        8


Dungeon Overview and Level Annotations

Branches:
Dungeon (12/15)            Temple (1/1) D:4            Lair (6/6) D:11
 Shoals (0/4) Lair:2        Snake (0/4) Lair:4        Slime (0/5) Lair:5
    Orc (2/2) D:9             Elf (0/3) Orc:2         Sewer (visited)

Altars:
Ashenzari
Cheibriados
Dithmenos
Elyvilon
Fedhas
Gozag
Hepliaklqana
Kikubaaqudgha
Makhleb
Nemelex Xobeh
Okawaru
Qazlal
Ru
Sif Muna
Trog
Uskayaw
Vehumet
Wu Jian
Xom
Yredelemnul
Zin
The Shining One

Annotations:
D:9 3 runed translucent doors, trm's ghost, journeyman OpCj
D:12 3 runed translucent doors, Zuubbik's ghost, journeyman MiBe; robertstho's ghost, journeyman DjFE


Innate Abilities, Weirdness & Mutations

Your serpentine skin is tough. (AC +5)
You have supernaturally acute eyesight. (SInv)
Armour fits poorly on your strangely shaped body.
Your system is resistant to poisons. (rPois)
You cover ground very slowly.
You can spit poison.
You can use your snake-like lower body to constrict enemies.


Message History

* * * LOW HITPOINT WARNING * * *
You puncture the two-headed ogre!
The two-headed ogre is heavily wounded.
You constrict the two-headed ogre. The two-headed ogre barely misses you.
The two-headed ogre hits you but does no damage.
You puncture the two-headed ogre!
The two-headed ogre is severely wounded.
You constrict the two-headed ogre! You puncture the two-headed ogre!
The two-headed ogre is almost dead.
You constrict the two-headed ogre!
You kill the two-headed ogre!
Cheibriados thoroughly appreciates the change of pace.
Cheibriados raises the support of your attributes as your movement slows.
Your icy armour cracks and falls away as you move.
A two-headed ogre comes into view. It is wielding two +0 giant clubs.
The two-headed ogre shouts in stereo!
You see here a +0 war axe.
An ogre mage comes into view. It is wielding a +0 club.
The two-headed ogre hits you but does no damage.
The two-headed ogre closely misses you.
There is a stone staircase leading up here.
There are monsters nearby!
You hit the two-headed ogre. You grab the two-headed ogre.
The two-headed ogre is lightly wounded.
You constrict the two-headed ogre! You barely miss the two-headed ogre.
You punch the two-headed ogre.
The two-headed ogre is moderately wounded.
You constrict the two-headed ogre!
The two-headed ogre hits you but does no damage.
The two-headed ogre misses you.
The ogre mage points at you and mumbles some strange words.
The bolt of magma hits you! You partially resist.
* * * LOW HITPOINT WARNING * * *
You hit the two-headed ogre but do no damage.
Lightning courses through the two-headed ogre!
The two-headed ogre is heavily wounded.
You constrict the two-headed ogre! The two-headed ogre misses you.
The two-headed ogre hits you with a +0 giant club!
You die...

###..........#...#
##...............#
##................# ..
#.................# ...
#................)## ...#
#........O.........###..##
#.........))).............
#..........)......)).)....
##.........O@)....))).##
##.................)...#
#..................)..##
#...................###
##..................##
#.............#......#
##............###.#.##
##.................##
#......#..........##


You could see a two-headed ogre and an ogre mage.

Vanquished Creatures
  An ettin (Orc:2)
  4 hydras
  4 catoblepae
  8 two-headed ogres (Orc:2)
  An ogre mage (Orc:2)
  A death knight (D:10)
  9 death yaks (Lair:6)
  Urug (Lair:5)
  4 skeletal warriors (D:11)
  Pikel (D:5)
  2 manticores
  10 elephants
  3 black mambas
  13 cane toads
  A torpor snail (Lair:4)
  12 komodo dragons
  2 unseen horrors (D:11)
  A tengu conjurer (D:11)
  A kobold demonologist (D:10)
  A rime drake (Lair:5)
  A troll (D:9)
  A nameless horror (Orc:2)
  2 polar bears
  2 hornets
  16 blink frogs
  Prince Ribbit (Lair:2)
  Sigmund (D:4)
  2 spriggans (Lair:5)
  3 wyverns
  45 yaks
  4 wraiths
  6 basilisks
  7 vampire mosquitoes
  Edmund (D:6)
  A naga (Lair:4)
  16 water moccasins
  A sky beast (D:6)
  2 ice beasts
  A black bear (Lair:5)
  3 orc warriors
  14 ogres
  A boggart (Lair:5)
  2 centaurs
  A phantom (D:5)
  3 wolves (Lair:3)
  A lemure (D:5)
  7 bullfrogs
  8 scorpions
  3 kobold brigands
  A necrophage (D:7)
  5 wights (D:8)
  8 killer bees
  3 howler monkeys
  2 vampire bats (D:11)
  11 jellies (Lair:5)
  2 gnoll shamans (D:6)
  5 orc priests
  5 hounds
  6 iguanas
  14 orc wizards
  A hell rat (Sewer)
  A river rat (Sewer)
  3 adders
  17 gnolls
  A shadow imp (D:6)
  A white imp (D:7)
  An ufetubus (D:6)
  3 worms
  2 dart slugs (D:2)
  40 orcs
  6 ball pythons
  3 bat skeletons (D:11)
  2 bat zombies (D:11)
  11 endoplasms
  8 giant cockroaches
  8 hobgoblins
  5 jackals (D:4)
  22 kobolds
  6 quokkas
  6 bats
  3 frilled lizards
  12 goblins
  13 rats
  A butterfly (Lair:5)
474 creatures vanquished.

Vanquished Creatures (collateral kills)
  The ghost of Capogack the Severer, a journeyman MiFi of Hepliaklqana (Lair:5)
  Harold (Lair:2)
  2 death yaks (Lair:6)
  A two-headed ogre (Orc:2)
  A phantasmal warrior (D:10)
  5 elephants
  A black mamba (Lair:3)
  A komodo dragon (Lair:6)
  2 blink frogs
  3 yaks
  A basilisk (Lair:5)
  A naga (Lair:4)
  A water moccasin (Lair:6)
  An orc warrior (Orc:2)
  2 ogres (Orc:2)
  A centaur (D:12)
  An orc (Orc:2)
26 creatures vanquished.

Vanquished Creatures (others)
  52 fungi
  62 plants
  2 withered plants (D:12)
116 creatures vanquished.

Grand Total: 616 creatures vanquished

Notes
Turn   | Place    | Note
-------+----------+-------------------------------------------
     0 | D:1      | epen the Naga Ice Elementalist began the quest for the Orb.
     0 | D:1      | Reached XP level 1. HP: 15/15 MP: 3/3
   281 | D:1      | Reached XP level 2. HP: 20/22 MP: 1/5
   828 | D:1      | HP: 1/24 [giant cockroach (2)]
   835 | D:1      | Reached XP level 3. HP: 9/30 MP: 0/6
  1047 | D:1      | Learned a level 3 spell: Frozen Ramparts
  2165 | D:2      | Found a shimmering blue altar of Sif Muna.
  2289 | D:2      | Reached skill level 1 in Fighting
  2846 | D:2      | Found a faded altar of an unknown god.
  2854 | D:2      | Reached XP level 4. HP: 31/38 MP: 7/7
  3210 | D:3      | Found a glowing drain.
  3247 | Sewer    | Entered a sewer
  3553 | D:3      | Reached XP level 5. HP: 43/45 MP: 9/9
  4355 | D:4      | Reached skill level 5 in Ice Magic
  4355 | D:4      | Reached XP level 6. HP: 28/55 MP: 3/10
  4604 | D:4      | Found a staircase to the Ecumenical Temple.
  4623 | D:4      | Learned a level 3 spell: Ozocubu's Armour
  5027 | Temple   | Entered the Ecumenical Temple
  5209 | Temple   | Became a worshipper of Cheibriados the Contemplative
  5283 | D:4      | Noticed Sigmund
  5299 | D:4      | Killed Sigmund
  5300 | D:4      | Reached XP level 7. HP: 34/62 MP: 4/12
  6022 | D:5      | Entered Level 5 of the Dungeon
  6542 | D:5      | Reached XP level 8. HP: 58/72 MP: 12/14
  6619 | D:5      | Reached * piety under Cheibriados
  6644 | D:5      | Noticed Pikel
  6657 | D:5      | Killed Pikel
  6658 | D:5      | Reached skill level 5 in Spellcasting
  7049 | D:5      | Found a radiant altar of Vehumet.
  7381 | D:5      | Reached skill level 5 in Fighting
  7872 | D:6      | Reached XP level 9. HP: 78/81 MP: 13/17
  7989 | D:6      | Reached skill level 5 in Dodging
  8516 | D:6      | Reached ** piety under Cheibriados
  8836 | D:6      | Noticed Edmund
  8848 | D:6      | Killed Edmund
  9472 | D:7      | Noticed a hornet
  9479 | D:7      | Killed a hornet
  9480 | D:7      | Reached skill level 1 in Invocations
  9481 | D:7      | Reached skill level 1 in Polearms
  9984 | D:8      | Reached *** piety under Cheibriados
  9993 | D:8      | Reached XP level 10. HP: 81/91 MP: 16/19
 10198 | D:8      | Found an iron altar of Okawaru.
 10385 | D:8      | Learned a level 4 spell: Summon Ice Beast
 10942 | D:9      | Found a staircase to the Orcish Mines.
 10965 | D:9      | Found a runed translucent gate.
 10965 | D:9      | Found a runed translucent gate.
 10965 | D:9      | Found a runed translucent gate.
 11084 | D:9      | Reached skill level 1 in Long Blades
 11334 | D:9      | Reached **** piety under Cheibriados
 11490 | D:9      | Noticed trm's ghost (journeyman OpCj)
 11490 | D:9      | Noticed a spectral wolf spider
 11505 | D:10     | Entered Level 10 of the Dungeon
 11738 | D:10     | Noticed a phantasmal warrior
 11748 | D:10     | Killed a phantasmal warrior
 12068 | D:10     | Noticed a death knight
 12077 | D:10     | Reached skill level 5 in Invocations
 12137 | D:11     | Noticed an unseen horror
 12148 | D:11     | Killed an unseen horror
 12217 | D:11     | Found a staircase to the Lair.
 12229 | D:11     | Reached XP level 11. HP: 92/100 MP: 18/21
 12354 | D:11     | Noticed a skeletal warrior
 12355 | D:11     | Noticed a five-headed hydra
 12356 | D:11     | Noticed a skeletal warrior
 12356 | D:11     | Noticed a skeletal warrior
 12358 | D:11     | Noticed a skeletal warrior
 12362 | D:11     | Noticed a manticore
 12363 | D:11     | Killed a five-headed hydra
 12372 | D:11     | Killed a skeletal warrior
 12373 | D:11     | Killed a skeletal warrior
 12386 | D:11     | Killed a skeletal warrior
 12386 | D:11     | Killed a manticore
 12390 | D:11     | Killed a skeletal warrior
 12918 | D:11     | Reached ***** piety under Cheibriados
 12929 | D:11     | Found an ancient bone altar of Kikubaaqudgha.
 13411 | D:10     | Killed a death knight
 14101 | Lair:1   | Entered Level 1 of the Lair of Beasts
 14101 | Lair:1   | Noticed an eight-headed hydra
 14118 | Lair:1   | Killed an eight-headed hydra
 14119 | Lair:1   | Reached XP level 12. HP: 12/111 MP: 10/23
 14495 | Lair:1   | Learned a level 4 spell: Ice Form
 15125 | Lair:1   | Reached skill level 5 in Long Blades
 15866 | Lair:2   | Noticed Prince Ribbit
 15881 | Lair:2   | Killed Prince Ribbit
 15959 | Lair:2   | Found a staircase to the Shoals.
 15969 | Lair:2   | Noticed a catoblepas
 15980 | Lair:2   | Killed a catoblepas
 16202 | Lair:2   | Noticed Harold
 16218 | Lair:2   | Killed Harold
 16557 | Lair:3   | Reached skill level 10 in Ice Magic
 16719 | Lair:3   | Reached skill level 10 in Invocations
 17296 | Lair:3   | Gained mutation: You can use your snake-like lower body to
                  | constrict enemies. [Naga growth]
 17296 | Lair:3   | Reached XP level 13. HP: 112/121 MP: 25/25
 17339 | Lair:3   | Reached ****** piety under Cheibriados
 17570 | Lair:3   | You fall into a shaft and drop 2 floors!
 17758 | Lair:4   | Found a staircase to the Snake Pit.
 19312 | Lair:5   | Found a runed translucent door.
 19318 | Lair:5   | Noticed Capogack's ghost (journeyman MiFi)
 19534 | Lair:5   | Found a staircase to the Slime Pits.
 19752 | Lair:5   | Noticed Urug
 19761 | Lair:5   | Killed Urug
 20172 | Lair:5   | Identified the +10 trident of Classification {elec, SInv}
 20192 | Lair:5   | Killed Capogack's ghost
 20202 | Lair:5   | Identified the ring "Xiasheja" {Ice rElec Dex+5}
 20425 | Lair:5   | Identified a scroll of acquirement
 20425 | Lair:5   | Acquired the +2 helmet of the End {rN+}
 20475 | Lair:6   | Entered Level 6 of the Lair of Beasts
 20646 | Lair:6   | Reached XP level 14. HP: 53/130 MP: 3/27
 20698 | Lair:6   | Reached skill level 10 in Fighting
 23625 | D:12     | Noticed robertstho's ghost (journeyman DjFE)
 23625 | D:12     | Noticed Zuubbik's ghost (journeyman MiBe)
 23625 | D:12     | Found a runed translucent gate.
 23625 | D:12     | Found a runed translucent gate.
 23625 | D:12     | Found a runed translucent gate.
 23643 | D:11     | Reached skill level 10 in Spellcasting
 24093 | Orc:1    | Entered Level 1 of the Orcish Mines
 24128 | Orc:1    | You fall into a shaft and drop 1 floor!
 24128 | Orc:2    | Entered Level 2 of the Orcish Mines
 24136 | Orc:2    | Found a staircase to the Elven Halls.
 24252 | Orc:1    | Found a bloodstained altar of Trog.
 24432 | Orc:2    | Learned a level 4 spell: Summon Lightning Spire
 24580 | Orc:2    | Reached skill level 5 in Polearms
 24580 | Orc:2    | Reached XP level 15. HP: 33/140 MP: 25/29
 24594 | Orc:2    | Slain by a two-headed ogre

Illustrated notes

Levels and vault maps discovered:
D:1:      roderic_dead_forest, layout_basic, nicolae_figureground_sparkle
D:2:      layout_loops_ring, hellmonk_ecumenical_altar_run_dry, basic_altar,
          serial_bayou, serial_bayou_ford_a, serial_bayou_shore_b,
          serial_bayou_pond_e, serial_bayou_lake_a
D:3:      layout_basic, cheibrodos_sewer_entry_drain
D:4:      layout_loops_ring, minmay_temple_entry_glass, grunt_decor_fettered,
          uniq_sigmund
D:5:      layout_basic, nicolae_vehumet_altar_sigil, uniq_pikel
D:6:      layout_loops_cross, minmay_fractal_squares_gapless_5, uniq_edmund
D:7:      layout_rooms
D:8:      layout_basic, okawaru_altar_gauntlet_db
D:9:      layout_loops_ring, orc_0_dummy, gammafunk_ghost_necromancy
D:10:     layout_rooms
D:11:     layout_basic, david_lair_shrubbed, kennysheep_vampire_church
D:12:     layout_cross, gammafunk_ghost_cemetery, hangedman_decor_growths,
          hangedman_decor_points
Temple:   regret_index_temple_chain_breaker
Lair:1:   layout_hall_layers
Lair:2:   layout_roguey, elwin_shoals_entry_rocks,
          chequers_serial_rivers_micro_a, serial_bayou_shore_b,
          uniq_prince_ribbit2, uniq_harold
Lair:3:   layout_roguey
Lair:4:   layout_roguey, guppyfry_snake_entry_island
Lair:5:   layout_regular_city, minmay_slime_entry_jelly_boxes,
          ebering_ghost_funeral_grove, lemuel_fruit_fields, uniq_urug
Lair:6:   evilmike_catoblepas_cave, layout_cave_pods,
          dreamdust_mushroom_princess, infiniplex_staircase_pool
Orc:1:    nicolae_orc_accident_2, layout_diamond_mine, basic_altar,
          trog_butcher_becter, uniq_fannar
Orc:2:    st_orc_ogre_mass, layout_caves

Skill      XL: |  1  2  3  4  5  6  7  8  9 10 11 12 13 14 |
---------------+-------------------------------------------+-----
Dodging        | 2 3 4 5 6 7 8 9 |  9.4
Fighting       | 1 2 3 4 5 6 7 8 9 10 | 10.8
Spellcasting   | 3 4 5 6 7 8 9 10 | 10.2
Ice Magic      | 5 6 7 8 9 10 11 12 | 12.6
Invocations    | 2 5 8 10 11 12 | 12.5
Polearms       | 1 2 5 |  5.0
Long Blades    | 2 4 6 7 |  7.1
Stealth        | |  3.3

Action                   |  1- 3 |  4- 6 |  7- 9 | 10-12 | 13-15 || total
-------------------------+-------+-------+-------+-------+-------++-------
Melee: Unarmed           |     8 |       |       |     2 |       ||    10
       Dagger            |    46 |       |       |       |       ||    46
       Trident           |    42 |   149 |   179 |       |   197 ||   567
       Punch             |     1 |     3 |     1 |     2 |    10 ||    17
       Spear             |       |       |    37 |    20 |       ||    57
       Scimitar          |       |       |       |   245 |   129 ||   374
       Constrict         |       |       |       |       |    81 ||    81
 Cast: Freeze            |    35 |     4 |    16 |    11 |       ||    66
       Frozen Ramparts   |     1 |    10 |    35 |    50 |    34 ||   130
       Ozocubu's Armour  |       |     2 |     4 |     3 |     4 ||    13
       Summon Ice Beast  |       |       |       |    10 |    22 ||    32
       Ice Form          |       |       |       |     1 |       ||     1
       Summon Lightning  |       |       |       |       |     1 ||     1
Invok: Slouch            |       |       |       |       |     8 ||     8
 Abil: Spit Poison       |     2 |     5 |     1 |     1 |       ||     9
Evoke: Wand              |       |       |       |    11 |       ||    11
  Use: Potion            |     1 |       |     3 |     3 |     1 ||     8
       Scroll            |       |     6 |     6 |    12 |     4 ||    28
 Stab: Sleeping          |     6 |     7 |     5 |     6 |     9 ||    33
       Distracted        |       |       |       |       |     5 ||     5
Armor: Robe              |    23 |    48 |   104 |   187 |   207 ||   569
Dodge: Dodged            |    75 |    93 |   127 |   259 |   307 ||   861

Table legend: (Time is in decaauts)
 A = Elapsed time spent in this place.
 B = Non-inter-level travel time spent in this place.
 C = Inter-level travel time spent in this place.
 D = Time resting spent in this place.
 E = Time spent auto-exploring this place.
 F = Levels seen in this place.
 G = Mean time per level.
                   A        B        C        D        E       F      G
               +--------+--------+--------+--------+--------+-----+--------+
         Total |  39918 |  37455 |   2463 |   4453 |  27832 |  22 | 1814.5 |
       Dungeon |  21241 |  19708 |   1533 |   2415 |  14480 |  12 | 1770.1 |
        Temple |    272 |    256 |     16 |      0 |    176 |   1 |  272.0 |
          Lair |  17187 |  16356 |    831 |   1850 |  12551 |   6 | 2864.5 |
  Orcish Mines |   1010 |    928 |     82 |    105 |    599 |   2 |  505.0 |
         Sewer |    206 |    206 |      0 |     83 |     24 |   1 |  206.0 |
               +--------+--------+--------+--------+--------+-----+--------+

Top non-repeatable levels by time:
  Lair:6: 4567 daAuts
    D:11: 3204 daAuts
  Lair:5: 2828 daAuts
  Lair:1: 2734 daAuts
  Lair:3: 2650 daAuts
     D:1: 2500 daAuts
  Lair:4: 2426 daAuts
     D:5: 2424 daAuts
    D:10: 2067 daAuts
     D:4: 1999 daAuts
  Lair:2: 1979 daAuts
     D:6: 1835 daAuts
     D:8: 1708 daAuts
     D:9: 1500 daAuts
     D:2: 1484 daAuts
